 Dungeon Crawl Stone Soup version 0.27.0-1-g7a089689b8 (webtiles) character file.

Game seed: 12704745908470889478

56 thirtiethelement the Skirmisher (level 3, -3/29 HPs)
             Began as a Demonspawn Abyssal Knight on Aug 14, 2021.
             Was a Follower of Lugonu.
             Slain by a gnoll shaman (7 damage)
             ... on level 2 of the Dungeon.
             The game lasted 00:03:53 (960 turns).

thirtiethelement the Skirmisher (DsAK)               Turns: 960, Time: 00:03:54

Health: -3/29      AC:  4    Str: 12    XL:     3   Next: 71%
Magic:  4/4        EV: 11    Int: 14    God:    Lugonu [*.....]
Gold:   73         SH:  6    Dex: 12    Spells: 2/2 levels left

rFire    . . .     SeeInvis .   a - +1 falchion
rCold    . . .     Faith    .   (no shield)
rNeg     . . .     Spirit   .   b - +0 leather armour
rPois    .         Reflect  .   (no helmet)
rElec    .         Harm     .   (no cloak)
rCorr    .         Rampage  .   (no gloves)
Will     +....                  f - +0 pair of boots
Stlth    +.........             (no amulet)
HPRegen  0.09/turn              d - ring of willpower
MPRegen  0.09/turn              (no ring)

@: no status effects
A: large bone plates 2
a: Renounce Religion, Depart the Abyss


You were on level 2 of the Dungeon.
You worshipped Lugonu.
Lugonu was aware of your devotion.
You visited 1 branch of the dungeon, and saw 2 of its levels.
You visited the Abyss 1 time.

You collected 73 gold pieces.

Inventory:

Hand Weapons
 a - a +1 falchion (weapon)
Armour
 b - a +0 leather armour (worn)
 f - a +0 pair of boots (worn)
Jewellery
 d - a ring of willpower (left hand)
Wands
 l - a wand of iceblast (9)
Scrolls
 g - a scroll of noise {unknown}
 h - a scroll of enchant weapon {unknown}
 i - a scroll of identify {unknown}
Potions
 c - a potion of ambrosia {unknown}
 e - 2 potions of curing {unknown}
 j - 2 potions of cancellation {unknown}
 k - a potion of heal wounds {unknown}


   Skills:
 + Level 3.5 Fighting
 + Level 2.6 Long Blades
 + Level 2.1 Armour
 + Level 1.3 Dodging
 + Level 0.1 Stealth
 + Level 0.2 Shields
 + Level 2.5 Invocations


You had 2 spell levels left.
You didn't know any spells.
Your spell library was empty.

Dungeon Overview and Level Annotations

Branches:
Dungeon (2/15)

Altars:
Fedhas


Innate Abilities, Weirdness & Mutations

You are mostly covered in large bone plates. (SH +6)


Message History

The gnoll hits you from afar with a +0 spear.
You hit the gnoll shaman.
The gnoll shaman is moderately wounded.
The gnoll shaman invokes the aid of its god against you.
You resist with almost no effort. The gnoll misses you.
You block the gnoll shaman's attack. The gnoll closely misses you.
You slash the gnoll shaman!
The gnoll shaman is severely wounded.
The gnoll shaman hits you with a +0 whip!
The gnoll hits you from afar with a +0 spear.
You hit the gnoll shaman but do no damage.
The gnoll shaman is severely wounded.
The gnoll shaman calls upon its god to speed up the gnoll.
The gnoll seems to speed up.
The gnoll hits you from afar with a +0 spear.
* * * LOW HITPOINT WARNING * * *
You closely miss the gnoll shaman.
The gnoll shaman is severely wounded.
The gnoll misses you.
The gnoll shaman hits you with a +0 whip.
* * * LOW HITPOINT WARNING * * *
The gnoll closely misses you. The gnoll closely misses you.
Things that are here:
a quokka corpse; a jackal corpse The gnoll shaman utters an invocation to its god.
The gnoll shaman is healed somewhat.
Aiming: Iceblast
Press: ? - help, Shift-Dir - straight line, f - gnoll shaman
Aim: a gnoll shaman, wielding a +0 whip and wearing a +0 robe (moderately wounded)
The mass of ice explodes!
The iceblast engulfs the gnoll shaman!
The gnoll shaman is almost dead.
The iceblast engulfs the gnoll!!
You kill the gnoll!
Lugonu accepts your kill.
You completely miss the gnoll shaman.
The gnoll shaman is almost dead.
You block the gnoll shaman's attack.
The gnoll shaman hits you with a +0 whip!
You die...

....#.# #...†......##.#
.#..##...#..†...##.##.#
#..######............#
#....#####.....##..g##
#..................g#
####.###.#.....###..#
.# #.# #.#.....# #..#
##. #.#
#.###.#####g.##... #.#
#.# #...@gg).#... #.#
#.# #...###..#..# #.#
#.# ###.# #..#..# # #.#
#.# ##.###..#hh#.####
#.# #.#
##...##..#........ #.#
###.....#..†........
.........†..#.#######
#.##.....#..#.# #
##.......#.#


You could see a gnoll shaman and 2 gnolls.

Vanquished Creatures
  A gnoll (D:2)
  4 dart slugs
  An endoplasm (D:1)
  4 giant cockroaches
  2 goblins
  2 hobgoblins (D:1)
  7 jackals (D:2)
  A kobold (D:1)
  A quokka (D:2)
  A ball python (D:1)
  4 bats
  A frilled lizard (D:1)
  8 rats
37 creatures vanquished.

Notes
Turn   | Place    | Note
-------+----------+-------------------------------------------
     0 | Abyss:1  | thirtiethelement the Demonspawn Abyssal Knight began the
                  | quest for the Orb.
     0 | Abyss:1  | Reached XP level 1. HP: 18/18 MP: 2/2
    57 | Abyss:2  | Noticed a red devil
    57 | Abyss:2  | Noticed a red devil
    58 | D:1      | Escaped the Abyss
   117 | D:1      | Reached skill level 1 in Dodging
   156 | D:1      | Gained mutation: You are partially covered in large bone
                  | plates. (SH +4) [demonic ancestry]
   156 | D:1      | Reached XP level 2. HP: 23/24 MP: 3/3
   204 | D:1      | Reached * piety under Lugonu
   618 | D:2      | Found a blossoming altar of Fedhas.
   640 | D:2      | Gained mutation: You are mostly covered in large bone
                  | plates. (SH +6) [demonic ancestry]
   640 | D:2      | Reached XP level 3. HP: 26/29 MP: 4/4
   960 | D:2      | Slain by a gnoll shaman

Illustrated notes

Levels and vault maps discovered:
D:1:      onia_arrival_mini_spirals, layout_rooms, minmay_three_crescents
D:2:      layout_loops_ring, basic_altar

Skill      XL: |  1  2 |
---------------+-------+-----
Dodging        | 1 |  1.3
Armour         | 2 |  2.1
Long Blades    | 2 |  2.6
Fighting       | |  3.5
Stealth        | |  0.1
Shields        | |  0.2
Invocations    | |  2.5

Action                   || total
-------------------------++-------
Melee: Falchion          ||    95
Invok: Depart the Abyss  ||     1
Evoke: Wand              ||     1
Armor: Leather armour    ||    47
Dodge: Dodged            ||    64
Block: Other             ||    37
       Rpst.: Falchion   ||    20
